[Event "ICC tourney 2248 (120 10)"]
[Site "Internet Chess Club"]
[Date "2020.12.26"]
[Round "1"]
[White "Coolbull"]
[Black "Eagle2020"]
[Result "1/2-1/2"]
[ICCResult "Game drawn by mutual agreement"]
[WhiteElo "1743"]
[BlackElo "1505"]
[Opening "French: Steinitz variation"]
[ECO "C11"]
[NIC "FR.04"]
[Time "12:04:24"]
[PlyCount "119"]
[TimeControl "7200+10"]

1. e4 e6 2. d4 d5 3. Nc3 Nf6 4. e5 Nfd7 5. Nf3 c5 6. Be2 Nc6 7. Nb5 cxd4 8.
Nbxd4 Ncxe5 9. O-O h6 10. Bf4 Bd6 11. Nxe5 Nxe5 12. Qd2 a6 13. Rfe1 O-O 14.
Bxa6 Ng4 15. Be2 Bxf4 16. Qxf4 e5 17. Qg3 Nxh2 18. Nb3 Ra4 19. Qxh2 Qf6 20.
Nc5 Rh4 21. Qg3 Qg5 22. Qxg5 hxg5 23. Rad1 d4 24. Bf3 b6 25. Nd3 f6 26. Re4
g4 27. g3 Rh6 28. Bg2 Bb7 29. Ree1 Bxg2 30. Kxg2 Kf7 31. Rh1 Rfh8 32. Rxh6
gxh6 33. Rc1 h5 34. c3 e4 35. Nf4 d3 36. Nd5 b5 37. Ne3 Ke6 38. c4 Rc8 39.
Kf1 f5 40. c5 Ke5 41. Ng2 Kd4 42. Ke1 Rxc5 43. Rxc5 Kxc5 44. Kd2 Kd4 45.
Nf4 h4 46. gxh4 Ke5 47. h5 Kxf4 48. h6 g3 49. fxg3+ Kf3 50. h7 e3+ 51. Kxd3
e2 52. h8=Q e1=Q 53. Qh5+ Kg2 54. Qe2+ Qxe2+ 55. Kxe2 Kxg3 56. Kf1 Kf3 57.
a3 Ke4 58. b3 Kd5 59. a4 bxa4 60. bxa4 { Game drawn by mutual agreement }
1/2-1/2

[Event "ICC tourney 2248 (120 10)"]
[Site "Internet Chess Club"]
[Date "2020.12.26"]
[Round "1"]
[White "hi987"]
[Black "dswang"]
[Result "0-1"]
[ICCResult "White checkmated"]
[WhiteElo "1612"]
[BlackElo "1828"]
[Opening "Ruy Lopez: closed, Kholmov variation"]
[ECO "C92"]
[NIC "RL.21"]
[Time "12:04:49"]
[PlyCount "122"]
[TimeControl "7200+10"]

1. e4 e5 2. Nf3 Nc6 3. Bb5 a6 4. Ba4 Nf6 5. O-O d6 6. Re1 Be7 7. c3 O-O 8.
h3 b5 9. Bb3 Be6 10. Bc2 d5 11. exd5 Nxd5 12. Nxe5 Nxe5 13. Rxe5 Bf6 14.
Re1 c5 15. d4 cxd4 16. cxd4 Nb4 17. Be4 Rc8 18. Be3 Bxa2 19. Nc3 Bc4 20.
Qg4 Be6 21. Qg3 Qd7 22. Red1 Nd5 23. Nxd5 Bxd5 24. Bxd5 Qxd5 25. Rxa6 Qb3
26. Re1 Be7 27. Qg4 Rfe8 28. Bh6 Bf8 29. Re3 Qxb2 30. Bxg7 h5 31. Qg5 Bxg7
32. Rg3 Qc1+ 33. Kh2 Qxg5 34. Rxg5 Rb8 35. Ra3 Re6 36. d5 Re5 37. Rag3 Rxg5
38. Rxg5 b4 39. d6 b3 40. d7 Rd8 41. Rb5 b2 42. Rb7 Rxd7 43. Rxd7 b1=Q 44.
Rd8+ Kh7 45. f4 Qf5 46. g3 Qc2+ 47. Kh1 Qf2 48. f5 Qxf5 49. g4 Qf3+ 50. Kg1
Qg3+ 51. Kh1 Qxh3+ 52. Kg1 Qxg4+ 53. Kh1 Qh4+ 54. Kg1 Qxd8 55. Kh2 Qd3 56.
Kh1 Kg6 57. Kh2 Kg5 58. Kh1 Qd2 59. Kg1 Kg4 60. Kh1 Kg3 61. Kg1 Qd1# {
White checkmated } 0-1

[Event "ICC tourney 2248 (120 10)"]
[Site "Internet Chess Club"]
[Date "2020.12.26"]
[Round "1"]
[White "mrerikchin"]
[Black "Mapking1"]
[Result "0-1"]
[ICCResult "White resigns"]
[WhiteElo "1636"]
[BlackElo "1874"]
[Opening "English: symmetrical, Botvinnik system"]
[ECO "A36"]
[NIC "EO.30"]
[Time "12:04:33"]
[PlyCount "62"]
[TimeControl "7200+10"]

1. c4 c5 2. Nc3 Nc6 3. g3 g6 4. Bg2 Bg7 5. e4 e6 6. Nge2 Nge7 7. O-O O-O 8.
d3 Nd4 9. f4 Nec6 10. e5 d6 11. exd6 Qxd6 12. Ne4 Qe7 13. Be3 Rb8 14. Nxd4
Nxd4 15. Rf2 b6 16. Rd2 Bb7 17. Qf1 Nf5 18. Bf2 Bd4 19. Re1 Bxf2+ 20. Qxf2
Nd4 21. g4 f5 22. gxf5 Rxf5 23. Bh3 Bxe4 24. dxe4 Rf7 25. Qg3 Rbf8 26. f5
exf5 27. Rxd4 f4 28. Qd3 cxd4 29. Qxd4 Qh4 30. Qc3 f3 31. Bf1 f2+ { White
resigns } 0-1

[Event "ICC tourney 2248 (120 10)"]
[Site "Internet Chess Club"]
[Date "2020.12.26"]
[Round "1"]
[White "BlueZillop"]
[Black "coolhappyfish"]
[Result "0-1"]
[ICCResult "White resigns"]
[WhiteElo "1363"]
[BlackElo "1680"]
[Opening "QGD: exchange variation"]
[ECO "D35"]
[NIC "QO.16"]
[Time "12:04:40"]
[PlyCount "110"]
[TimeControl "7200+10"]

1. c4 Nf6 2. d4 e6 3. Nc3 d5 4. cxd5 exd5 5. Nf3 c6 6. g3 Bd6 7. Bg2 O-O 8.
O-O Bf5 9. Re1 Be7 10. Ne5 Nbd7 11. Bf4 Re8 12. e4 Nxe4 13. Nxe4 Bxe4 14.
Bxe4 dxe4 15. Rxe4 Nf6 16. Re1 Qd5 17. Qd3 Rad8 18. Red1 Bd6 19. Qc3 Ne4
20. Qb3 Bxe5 21. Qxd5 Rxd5 22. dxe5 g5 23. Be3 Rexe5 24. Bxa7 f5 25. Rxd5
Rxd5 26. a4 Kf7 27. Ra3 g4 28. Rb3 Rd7 29. f3 Nd2 30. Rb4 Nxf3+ 31. Kf2
Nxh2 32. Rf4 Ke6 33. Ke3 Nf3 34. b4 h5 35. b5 cxb5 36. axb5 Rd1 37. Rc4 Rb1
38. b6 Ne5 39. Rc7 h4 40. gxh4 g3 41. Rg7 Rb3+ 42. Kf4 Ng4 43. Rc7 g2 44.
Rc1 Rb2 45. h5 Rf2+ 46. Kg5 Rf1 47. Rc6+ bxc6 48. b7 Rb1 49. h6 Rxb7 50.
Bg1 Rh7 51. Kg6 Rxh6+ 52. Kg5 Rh1 53. Bc5 g1=Q 54. Bxg1 Rxg1 55. Kf4 c5 {
White resigns } 0-1

[Event "ICC tourney 2248 (120 10)"]
[Site "Internet Chess Club"]
[Date "2020.12.26"]
[Round "1"]
[White "asergeev"]
[Black "Ryan123455"]
[Result "1-0"]
[ICCResult "Black resigns"]
[WhiteElo "1898"]
[BlackElo "1646"]
[Opening "Queen's pawn: London system"]
[ECO "A45"]
[NIC "QP.07"]
[Time "12:04:51"]
[PlyCount "40"]
[TimeControl "7200+10"]

1. d4 Nf6 2. Bf4 g6 3. Nc3 Bg7 4. e4 d6 5. Qd2 O-O 6. O-O-O c6 7. f3 b5 8.
g4 a5 9. Bh6 a4 10. h4 b4 11. Nb1 b3 12. cxb3 axb3 13. a3 Be6 14. h5 Qa5
15. Qf4 Bxh6 16. Qxh6 g5 17. Nh3 Nbd7 18. Nxg5 Rfc8 19. Nxe6 fxe6 20. g5
Ne8 { Black resigns } 1-0

[Event "ICC tourney 2248 (120 10)"]
[Site "Internet Chess Club"]
[Date "2020.12.26"]
[Round "1"]
[White "Kugelblitzer"]
[Black "sushivishwa"]
[Result "1-0"]
[ICCResult "Black checkmated"]
[WhiteElo "1535"]
[BlackElo "1755"]
[Opening "Dutch defense, Rubinstein variation"]
[ECO "A84"]
[NIC "HD.10"]
[Time "12:04:31"]
[PlyCount "75"]
[TimeControl "7200+10"]

1. d4 f5 2. c4 e6 3. Nc3 Bb4 4. Nf3 b6 5. Bd2 Nf6 6. e3 Bb7 7. Bd3 O-O 8.
O-O Bxc3 9. Bxc3 Ne4 10. Rc1 d6 11. Nd2 Nxd2 12. Qxd2 Nd7 13. f3 e5 14. Qc2
Qg5 15. f4 exf4 16. exf4 Qg6 17. b4 Be4 18. Bxe4 fxe4 19. Rce1 Rfe8 20. Re3
b5 21. d5 Re7 22. Rg3 Qf5 23. Qb2 Qf8 24. f5 Rf7 25. f6 g6 26. h4 Qh6 27.
Qe2 Qxh4 28. Rh3 Qg5 29. Qxe4 Raf8 30. Rff3 Nxf6 31. Bxf6 Rxf6 32. Rfg3
Qc1+ 33. Kh2 Qxc4 34. Qe7 R8f7 35. Qe8+ Kg7 36. Rxh7+ Kxh7 37. Rh3+ Kg7 38.
Qh8# { Black checkmated } 1-0

[Event "ICC tourney 2248 (120 10)"]
[Site "Internet Chess Club"]
[Date "2020.12.26"]
[Round "1"]
[White "Mozart1"]
[Black "rokrchess"]
[Result "1-0"]
[ICCResult "Black resigns"]
[WhiteElo "1836"]
[BlackElo "1619"]
[Opening "Sicilian: dragon, Yugoslav attack, Rauser variation"]
[ECO "B76"]
[NIC "SI.17"]
[Time "12:04:22"]
[PlyCount "105"]
[TimeControl "7200+10"]

1. e4 c5 2. Nf3 d6 3. d4 cxd4 4. Nxd4 Nf6 5. Nc3 g6 6. Be3 Bg7 7. f3 O-O 8.
Qd2 Nc6 9. O-O-O d5 10. Nxc6 bxc6 11. exd5 cxd5 12. g4 Bb7 13. Bd4 e5 14.
Bxe5 d4 15. Qf4 Nd5 16. Nxd5 Qxd5 17. Bxg7 Kxg7 18. Qxd4+ Qxd4 19. Rxd4
Bxf3 20. Rg1 Rad8 21. Rxd8 Rxd8 22. Bd3 Rd4 23. h3 h5 24. gxh5 Bxh5 25. Kd2
Kf6 26. Ke3 Rh4 27. Rg3 Ke5 28. Kf2 Kd4 29. c3+ Ke5 30. Re3+ Kf6 31. Be2
Bxe2 32. Kxe2 Ra4 33. a3 Ra6 34. c4 Rc6 35. Kd3 g5 36. Kd4 Rd6+ 37. Kc5 Rb6
38. b4 Re6 39. Rf3+ Ke7 40. a4 Re5+ 41. Kd4 Re1 42. Re3+ Rxe3 43. Kxe3 f5
44. b5 Kd6 45. a5 Kc5 46. Kf3 Kd6 47. Kg3 Ke5 48. b6 axb6 49. a6 f4+ 50.
Kf3 Kd4 51. a7 Kxc4 52. a8=Q b5 53. Qc6+ { Black resigns } 1-0

[Event "ICC tourney 2248 (120 10)"]
[Site "Internet Chess Club"]
[Date "2020.12.26"]
[Round "1"]
[White "kdbel"]
[Black "Niteshc"]
[Result "1-0"]
[ICCResult "Black resigns"]
[WhiteElo "1892"]
[BlackElo "1644"]
[Opening "Caro-Kann: Tartakower (Nimzovich) variation"]
[ECO "B15"]
[NIC "CK.06"]
[Time "12:04:30"]
[PlyCount "75"]
[TimeControl "7200+10"]

1. e4 c6 2. d4 d5 3. Nc3 dxe4 4. Nxe4 Nf6 5. Nxf6+ exf6 6. Nf3 Bd6 7. Be3
O-O 8. Be2 Bg4 9. Qd2 Nd7 10. O-O Qc7 11. h3 Bh5 12. c4 Qb8 13. Qc2 Bg6 14.
Bd3 Re8 15. Rad1 Nf8 16. Rfe1 Ne6 17. Bxg6 hxg6 18. a3 a5 19. d5 cxd5 20.
cxd5 Rc8 21. Qb1 Nc5 22. Nd4 f5 23. Nb5 Ne4 24. f3 Nf6 25. Qd3 Ra6 26. Re2
Rd8 27. Nc3 Be5 28. Qb5 Rad6 29. Bb6 Re8 30. Rde1 Bh2+ 31. Kh1 Rc8 32. g4
Bf4 33. Qxa5 Kh7 34. Rd1 Rd7 35. Bg1 Be5 36. Kg2 Rcd8 37. Ba7 Qa8 38. Rxe5
{ Black resigns } 1-0

[Event "ICC tourney 2248 (120 10)"]
[Site "Internet Chess Club"]
[Date "2020.12.26"]
[Round "1"]
[White "jHanna"]
[Black "AbleCompany"]
[Result "0-1"]
[ICCResult "White resigns"]
[WhiteElo "1787"]
[BlackElo "1568"]
[Opening "King's Indian: Petrosian system, Stein variation"]
[ECO "E92"]
[NIC "KI.17"]
[Time "12:05:00"]
[PlyCount "118"]
[TimeControl "7200+10"]

1. d4 Nf6 2. c4 g6 3. Nc3 Bg7 4. e4 d6 5. Nf3 O-O 6. Be2 e5 7. d5 a5 8. Bg5
h6 9. Be3 Ng4 10. Bd2 f5 11. exf5 Bxf5 12. h3 Nf6 13. g4 Bd7 14. Qc1 e4 15.
Nh4 Kh7 16. g5 hxg5 17. Bxg5 Qe8 18. Qc2 Na6 19. Rg1 Nb4 20. Qd2 Nd3+ 21.
Bxd3 exd3+ 22. Be3 Ne4 23. Nxe4 Qxe4 24. Nxg6 Rf6 25. Qd1 Rxg6 26. Qh5+ Bh6
27. Kd2 Rf8 28. Raf1 Rff6 29. Rxg6 Qxg6 30. Qh4 Kg7 31. f4 Qg2+ 32. Rf2
Qxh3 33. Qxh3 Bxh3 34. Bd4 Bf5 35. Ke3 Kf7 36. Bxf6 Kxf6 37. Rh2 Bg7 38.
Rh1 Kf7 39. Rh2 c5 40. dxc6 bxc6 41. b3 Bc3 42. Rh6 Ke7 43. Rh2 c5 44. Rg2
d2 45. Rxd2 Bxd2+ 46. Kxd2 Bb1 47. a3 Kf6 48. Kc3 Kf5 49. b4 axb4+ 50. axb4
cxb4+ 51. Kxb4 Kxf4 52. Kb5 Bd3 53. Kc6 Ke5 54. Kb5 Kd4 55. Kc6 Ke5 56. c5
d5 57. Kb7 d4 58. c6 Be4 59. Kc7 Bxc6 { White resigns } 0-1

[Event "ICC tourney 2248 (120 10)"]
[Site "Internet Chess Club"]
[Date "2020.12.26"]
[Round "1"]
[White "Minsco"]
[Black "sbendre"]
[Result "1/2-1/2"]
[ICCResult "Game drawn by mutual agreement"]
[WhiteElo "1750"]
[BlackElo "1525"]
[Opening "Benkö gambit half accepted"]
[ECO "A57"]
[NIC "BI.45"]
[Time "12:04:49"]
[PlyCount "107"]
[TimeControl "7200+10"]

1. d4 Nf6 2. c4 c5 3. d5 b5 4. cxb5 a6 5. b6 Qxb6 6. Nc3 d6 7. e4 g6 8. h3
Bg7 9. Bd3 O-O 10. Nf3 a5 11. O-O Ba6 12. Re1 Bxd3 13. Qxd3 Na6 14. Qe2 Nd7
15. Nd2 Rfb8 16. Nc4 Qc7 17. f4 Nb6 18. Rb1 Nxc4 19. Qxc4 Rb4 20. Qd3 c4
21. Qc2 Nc5 22. Be3 Nd3 23. Red1 Rab8 24. b3 cxb3 25. Qxd3 Qxc3 26. Qxc3
Bxc3 27. axb3 Rxb3 28. Rxb3 Rxb3 29. Bd2 Bxd2 30. Rxd2 a4 31. Rd4 a3 32.
Ra4 Kg7 33. Kf2 Kf6 34. h4 h6 35. Ra6 g5 36. hxg5+ hxg5 37. e5+ Kf5 38.
exd6 exd6 39. Rxd6 gxf4 40. Ra6 Ke5 41. d6 Rd3 42. Ke2 Rxd6 43. Rxa3 Rg6
44. Ra5+ Ke4 45. Ra4+ Ke5 46. Ra5+ Ke4 47. Ra4+ Kf5 48. Ra5+ Kg4 49. Kf2
Rc6 50. Ra7 Rc2+ 51. Kf1 f6 52. Ra3 Rc1+ 53. Kf2 Rc2+ 54. Kf1 { Game drawn
by mutual agreement } 1/2-1/2

[Event "ICC tourney 2248 (120 10)"]
[Site "Internet Chess Club"]
[Date "2020.12.26"]
[Round "1"]
[White "AlanZ"]
[Black "JensenUVA"]
[Result "0-1"]
[ICCResult "White checkmated"]
[WhiteElo "1744"]
[BlackElo "1516"]
[Opening "Grünfeld: 5.e3"]
[ECO "D94"]
[NIC "GI.09"]
[Time "12:04:31"]
[PlyCount "80"]
[TimeControl "7200+10"]

1. Nf3 Nf6 2. d4 g6 3. c4 Bg7 4. Nc3 d5 5. e3 O-O 6. b3 c5 7. Bb2 Nc6 8.
Be2 cxd4 9. Nxd4 Nxd4 10. exd4 Bf5 11. O-O dxc4 12. bxc4 Ne4 13. Nxe4 Bxe4
14. Qd2 e6 15. Rfd1 Qb6 16. c5 Qc6 17. f3 Bd5 18. Qc2 b6 19. Ba3 Rfc8 20.
Rac1 Rc7 21. Bc4 Rac8 22. Bxd5 Qxd5 23. Qc4 Qg5 24. Qd3 Bf8 25. Rc4 bxc5
26. Rdc1 Qd8 27. Qc2 Bh6 28. dxc5 Bxc1 29. Bxc1 Rxc5 30. Rxc5 Qd4+ 31. Kf1
Rxc5 32. Qd2 Qc4+ 33. Kf2 Qxc1 34. Qd8+ Kg7 35. Kg3 Qe1+ 36. Kg4 Rc4+ 37.
f4 Qe2+ 38. Kh3 Rxf4 39. Qg5 Qd3+ 40. g3 Qf1# { White checkmated } 0-1

[Event "ICC tourney 2248 (120 10)"]
[Site "Internet Chess Club"]
[Date "2020.12.26"]
[Round "1"]
[White "Legolas08"]
[Black "charismaticl33"]
[Result "1/2-1/2"]
[ICCResult "Game drawn because neither player has mating material"]
[WhiteElo "1807"]
[BlackElo "1603"]
[Opening "Budapest: Adler variation"]
[ECO "A52"]
[NIC "QG.01"]
[Time "12:04:48"]
[PlyCount "189"]
[TimeControl "7200+10"]

1. d4 Nf6 2. c4 e5 3. dxe5 Ng4 4. Nf3 Bc5 5. e3 Nc6 6. Be2 Ngxe5 7. Nxe5
Nxe5 8. a3 a5 9. O-O O-O 10. b3 Ra6 11. Qd5 Qe7 12. Bb2 Re6 13. Nc3 c6 14.
Qd2 d6 15. Na4 Rg6 16. Bxe5 Qxe5 17. Nxc5 Qxc5 18. Bf3 Qg5 19. Be4 Rh6 20.
f4 Qh5 21. g3 Re8 22. Bf3 Qc5 23. Rfe1 Bh3 24. Qd4 Rhe6 25. Qxc5 dxc5 26.
Rad1 Bf5 27. Rd2 f6 28. Kf2 g5 29. Rd7 R6e7 30. Rxe7 Rxe7 31. e4 Bg6 32. f5
Bf7 33. Rd1 a4 34. bxa4 Bxc4 35. Rc1 Bd3 36. Rxc5 Bxe4 37. a5 Bd3 38. g4
Bb5 39. a4 Ba6 40. Bxc6 bxc6 41. Rxc6 Ra7 42. Rxf6 Kg7 43. Rb6 Bd3 44. Kg3
Bc4 45. h4 gxh4+ 46. Kxh4 Rxa5 47. Rb7+ Bf7 48. g5 Rxa4+ 49. Kg3 Ra1 50. g6
hxg6 51. fxg6 Kxg6 52. Kf4 Kf6 53. Rb6+ Be6 54. Rb5 Ra4+ 55. Ke3 Bf5 56.
Rb6+ Kg5 57. Rb5 Re4+ 58. Kf3 Rf4+ 59. Ke3 Kg4 60. Re5 Rf1 61. Kd4 Kf4 62.
Re7 Rd1+ 63. Kc5 Be4 64. Rf7+ Ke3 65. Re7 Rd5+ 66. Kc4 Rd8 67. Rc7 Bd3+ 68.
Kc5 Be2 69. Rc6 Rd1 70. Re6+ Kf2 71. Rd6 Rc1+ 72. Kd5 Bf3+ 73. Ke5 Rc5+ 74.
Kd4 Rf5 75. Re6 Rf4+ 76. Kc5 Bg4 77. Re7 Kf3 78. Re5 Kg3 79. Re7 Rf1 80.
Kd6 Bf5 81. Kc5 Rd1 82. Re5 Kf4 83. Re7 Be4 84. Re8 Bf5 85. Re7 Rd2 86. Re8
Bd7 87. Re1 Kf5 88. Re3 Kf6 89. Re1 Be6 90. Re3 Ke7 91. Re1 Kd7 92. Re4
Rd5+ 93. Kc4 Kd6 94. Rd4 Rxd4+ 95. Kxd4 { Game drawn because neither player
has mating material } 1/2-1/2

[Event "ICC tourney 2248 (120 10)"]
[Site "Internet Chess Club"]
[Date "2020.12.26"]
[Round "1"]
[White "mdbgaccp"]
[Black "prabp"]
[Result "0-1"]
[ICCResult "White resigns"]
[WhiteElo "1804"]
[BlackElo "1582"]
[Opening "Grünfeld: exchange, classical variation"]
[ECO "D87"]
[NIC "GI.05"]
[Time "12:04:31"]
[PlyCount "128"]
[TimeControl "7200+10"]

1. d4 Nf6 2. c4 g6 3. Nc3 d5 4. cxd5 Nxd5 5. e4 Nxc3 6. bxc3 Bg7 7. Bc4 c5
8. Be3 Nc6 9. Ne2 O-O 10. O-O Qc7 11. Rc1 Rd8 12. Qa4 e6 13. dxc5 Bd7 14.
Qa3 Ne5 15. Bb3 Nd3 16. Rcd1 Bb5 17. Rd2 b6 18. c4 Bc6 19. f3 Bf8 20. Rfd1
Nxc5 21. Qb2 Bg7 22. Bd4 Nxb3 23. axb3 Bxd4+ 24. Nxd4 Qe5 25. Rd3 Bb7 26.
Qa3 Qc5 27. Qxc5 bxc5 28. Nb5 Rxd3 29. Rxd3 Bc6 30. Nd6 Rd8 31. e5 Kf8 32.
Rd1 Rb8 33. Ra1 f6 34. exf6 Rd8 35. Nb5 Bxb5 36. cxb5 Rb8 37. Ra5 Kf7 38.
Kf2 Kxf6 39. Ke3 Ke5 40. f4+ Kd5 41. Kd3 Rf8 42. Rxa7 Rxf4 43. Rd7+ Ke5 44.
b6 Rb4 45. b7 h5 46. Kc3 g5 47. Rc7 Kd5 48. Rg7 g4 49. Rg5+ e5 50. Rxh5
Rxb7 51. Rg5 Rh7 52. Rxg4 Rxh2 53. Kd3 Rh1 54. Rg8 e4+ 55. Ke3 Rb1 56. Rb8
Rb2 57. g4 Rg2 58. Rd8+ Ke5 59. Re8+ Kd5 60. Rxe4 Rg3+ 61. Kf4 Rxg4+ 62.
Kxg4 Kxe4 63. Kg5 Kd3 64. Kf5 Kc3 { White resigns } 0-1

[Event "ICC tourney 2248 (120 10)"]
[Site "Internet Chess Club"]
[Date "2020.12.26"]
[Round "1"]
[White "saisneha"]
[Black "rcww2020"]
[Result "1/2-1/2"]
[ICCResult "Game drawn by repetition"]
[WhiteElo "1883"]
[BlackElo "1640"]
[Opening "Queen's pawn game, Krause variation"]
[ECO "A43"]
[NIC "OI.09"]
[Time "12:04:19"]
[PlyCount "85"]
[TimeControl "7200+10"]

1. d4 c5 2. Nf3 d5 3. Bf4 Nc6 4. e3 Bf5 5. c4 e6 6. Nc3 Nf6 7. Be2 dxc4 8.
Bxc4 cxd4 9. exd4 Be7 10. O-O O-O 11. Qd2 Bg4 12. Rad1 Bxf3 13. gxf3 Nb4
14. a3 Nbd5 15. Ne4 Rc8 16. Nxf6+ Bxf6 17. Bd3 Nxf4 18. Qxf4 Qc7 19. Qe4 g6
20. Bb1 Qb6 21. b4 Rfd8 22. d5 exd5 23. Rxd5 Rxd5 24. Qxd5 Rd8 25. Qe4 Rd4
26. Qe8+ Kg7 27. Ba2 Qc7 28. f4 Rxf4 29. Qe3 Rh4 30. Qg3 Qd7 31. Kh1 Qf5
32. Re1 Rh3 33. Qg2 Rxa3 34. Bxf7 Kxf7 35. Qxb7+ Kf8 36. Qb8+ Kg7 37. Qc7+
Kf8 38. Qd6+ Kg7 39. Qc7+ Kf8 40. Qd6+ Kg7 41. Qc7+ Kf8 42. Qd6+ Kg7 43.
Qc7+ { Game drawn by repetition } 1/2-1/2

[Event "ICC tourney 2248 (120 10)"]
[Site "Internet Chess Club"]
[Date "2020.12.26"]
[Round "1"]
[White "nboad"]
[Black "peekaboopenguin"]
[Result "1-0"]
[ICCResult "Black checkmated"]
[WhiteElo "1872"]
[BlackElo "1636"]
[Opening "Sicilian defense"]
[ECO "B40"]
[NIC "SI.43"]
[Time "12:04:52"]
[PlyCount "125"]
[TimeControl "7200+10"]

1. e4 c5 2. Nf3 e6 3. b3 d6 4. Bb2 Nf6 5. e5 dxe5 6. Nxe5 Be7 7. Bd3 O-O 8.
O-O Nbd7 9. f4 Nd5 10. Nc3 Nxf4 11. Bxh7+ Kxh7 12. Nxd7 Nh3+ 13. gxh3 Bxd7
14. Qh5+ Kg8 15. Ne4 f6 16. Rf3 Bc6 17. Qg4 e5 18. Raf1 Bxe4 19. Qxe4 Qc7
20. Rf5 Qc6 21. Qc4+ Rf7 22. Rxe5 Bd6 23. Ref5 Re8 24. Qd5 Qc7 25. Bxf6
Bxh2+ 26. Kh1 g6 27. Be5 Rxe5 28. Qxf7+ Qxf7 29. Rxf7 Re2 30. R1f2 Rxf2 31.
Rxf2 Be5 32. Re2 Bf6 33. Re6 Kf7 34. Re4 Bg5 35. d3 Kf6 36. Kg2 Bd2 37. Kf3
Bb4 38. a4 a6 39. Re8 b5 40. axb5 axb5 41. Rb8 Ba3 42. Rxb5 Bb4 43. Ke4 Ke6
44. h4 Kd6 45. Rb6+ Ke7 46. Rxg6 Kf7 47. Rg4 Kf6 48. Kd5 Kf5 49. Rxb4 cxb4
50. Kc4 Kg4 51. Kxb4 Kxh4 52. c4 Kg5 53. Kc5 Kf6 54. Kd6 Kf7 55. Kd7 Kf6
56. c5 Ke5 57. c6 Kd5 58. c7 Kc5 59. c8=Q+ Kb6 60. Qc6+ Ka7 61. Qb5 Ka8 62.
Kc7 Ka7 63. Qa5# { Black checkmated } 1-0

[Event "ICC tourney 2248 (120 10)"]
[Site "Internet Chess Club"]
[Date "2020.12.26"]
[Round "1"]
[White "Yamato1945"]
[Black "sunnyjingxu"]
[Result "1-0"]
[ICCResult "Black checkmated"]
[WhiteElo "1452"]
[BlackElo "1711"]
[Opening "King's Indian: Petrosian system, Stein variation"]
[ECO "E92"]
[NIC "KI.17"]
[Time "12:04:37"]
[PlyCount "163"]
[TimeControl "7200+10"]

1. d4 Nf6 2. c4 g6 3. Nc3 Bg7 4. e4 d6 5. Nf3 O-O 6. Be2 e5 7. d5 a5 8. O-O
Na6 9. a3 Nc5 10. Qc2 a4 11. Be3 Nb3 12. Rab1 Bd7 13. Bd1 Ne8 14. Qe2 Nd4
15. Qd2 Nxf3+ 16. Bxf3 f5 17. Bg5 Nf6 18. Bd1 f4 19. Bxf6 Qxf6 20. Be2 g5
21. h3 Qg6 22. Qd1 Qh6 23. Bf3 Kh8 24. b4 axb3 25. Rxb3 b6 26. Nb5 Bxb5 27.
cxb5 Ra5 28. Qc1 Rf7 29. Rb4 Qf6 30. a4 Qd8 31. Rc4 Ra7 32. Qa3 Qd7 33. Rc6
Rf8 34. Rfc1 Rfa8 35. R1c4 Bf6 36. Bg4 Qg7 37. Qc3 Bd8 38. Qc2 Qe7 39. Be6
Qg7 40. Rb4 Qe7 41. Rcc4 Qg7 42. Qe2 Bf6 43. Qd1 Rf8 44. Rb3 Bd8 45. Rf3
Bf6 46. Rfc3 Bd8 47. Kh2 Bf6 48. Qf3 Bd8 49. Rc1 Bf6 50. Rg1 Bd8 51. Qd1
Bf6 52. Bf5 Qh6 53. g3 Rg8 54. Be6 Rg7 55. Qg4 Bd8 56. Rg2 Qf6 57. Kg1 Be7
58. Rh2 Qh6 59. Kh1 Qf6 60. Bf5 Qh6 61. Be6 Qf6 62. Rc3 Bd8 63. Ra3 Qh6 64.
Qf5 Qf6 65. Qg4 Qh6 66. Qf5 Qf6 67. g4 Qxf5 68. gxf5 h6 69. f3 Bf6 70. Rha2
Re7 71. a5 bxa5 72. Rxa5 Rxa5 73. Rxa5 Kg7 74. Ra6 Re8 75. b6 cxb6 76. Rxb6
Rd8 77. Rb7+ Kh8 78. Rf7 Bg7 79. f6 Bf8 80. Bf5 Kg8 81. Rh7 Rb8 82. f7# {
Black checkmated } 1-0

[Event "ICC tourney 2248 (120 10)"]
[Site "Internet Chess Club"]
[Date "2020.12.26"]
[Round "1"]
[White "Abror"]
[Black "FL2009"]
[Result "0-1"]
[ICCResult "White resigns"]
[WhiteElo "1635"]
[BlackElo "1857"]
[Opening "Two knights defense"]
[ECO "C56"]
[NIC "KP.02"]
[Time "12:05:05"]
[PlyCount "122"]
[TimeControl "7200+10"]

1. e4 e5 2. d4 exd4 3. Nf3 Nc6 4. Bc4 Nf6 5. O-O Nxe4 6. Re1 d5 7. Bxd5
Qxd5 8. Nc3 Qh5 9. Nxe4 Be7 10. Bg5 Be6 11. Ng3 Qg6 12. h4 Bxg5 13. hxg5
O-O-O 14. Nh4 Qxg5 15. Nf3 Qb5 16. a4 Qc4 17. b3 Qd5 18. Qd2 h5 19. Ne2 Bg4
20. Nf4 Qd6 21. Ng5 Qd7 22. b4 Rde8 23. Nd3 f6 24. Nc5 Qd5 25. Nge4 Bf5 26.
Nc3 Qc4 27. Nb5 g5 28. Rxe8+ Rxe8 29. Re1 Rd8 30. Qd1 Bg4 31. f3 Bf5 32. g4
Bxc2 33. Qd2 hxg4 34. Qh2 Ne5 35. Rxe5 fxe5 36. Qxe5 Qf7 37. Ne6 gxf3 38.
Kf2 Re8 39. Nbxc7 Bxa4 40. Nxe8 Bxe8 41. Qc5+ Kd7 42. Qd5+ Ke7 43. Qxb7+
Kxe6 44. Qe4+ Kf6 45. Qxd4+ Kg6 46. Qe4+ Kh6 47. Qe5 g4 48. Qd6+ Kg5 49.
Qe5+ Qf5 50. Qg7+ Bg6 51. Qe7+ Kh5 52. Kg3 Kh6 53. Qxa7 f2 54. Qe3+ Kh5 55.
Qxf2 Qxf2+ 56. Kxf2 Be4 57. b5 Kh4 58. Kf1 g3 59. Kg1 Kh3 60. b6 g2 61. b7
Bxb7 { White resigns } 0-1

[Event "ICC tourney 2248 (120 10)"]
[Site "Internet Chess Club"]
[Date "2020.12.26"]
[Round "1"]
[White "iamvoltu"]
[Black "GrandWizard"]
[Result "1-0"]
[ICCResult "Black checkmated"]
[WhiteElo "1600"]
[BlackElo "1806"]
[Opening "Queen's pawn"]
[ECO "A40"]
[NIC "QO.17"]
[Time "12:04:47"]
[PlyCount "117"]
[TimeControl "7200+10"]

1. d4 c6 2. Bf4 f6 3. Nf3 d6 4. Bg3 e5 5. e3 Bg4 6. Be2 Nh6 7. c4 Qb6 8.
Qb3 Nd7 9. Nbd2 Nf5 10. Nxe5 Qxb3 11. axb3 Nxe5 12. dxe5 Bxe2 13. Kxe2 dxe5
14. Ne4 Nd6 15. Nc5 b6 16. Nd3 Ne4 17. Ra6 Nxg3+ 18. hxg3 e4 19. Nf4 Bb4
20. Rha1 O-O 21. Ne6 Rfc8 22. Rxa7 Rxa7 23. Rxa7 Re8 24. Ra4 Bd6 25. Nd4 c5
26. Nf5 Bf8 27. Ra6 g6 28. Nh4 Re6 29. g4 Rd6 30. f3 f5 31. gxf5 g5 32.
fxe4 gxh4 33. e5 Rc6 34. e4 h5 35. Kf3 Bg7 36. Ra8+ Kh7 37. Ra7 Kg8 38. e6
Bf6 39. Kf4 Rd6 40. Rf7 Bxb2 41. Rh7 Rd8 42. Rxh5 Bf6 43. Rh6 Bg7 44. Rxh4
Rd3 45. e7 Kf7 46. Rh7 Kxe7 47. Rxg7+ Kf8 48. Rg3 Rd2 49. Rf3 Rxg2 50. Ke5
Re2 51. Rf4 Re3 52. Kf6 Rxb3 53. Rh4 Kg8 54. e5 Rb4 55. e6 Rxc4 56. e7 Rxh4
57. e8=Q+ Kh7 58. Qg6+ Kh8 59. Qg7# { Black checkmated } 1-0